 Dungeon Crawl Stone Soup version 0.22-a0-368-g870eee8 (webtiles) character file.

2 dstrtnsr the Vexing (level 1, -1/16 HPs)
             Began as an Ogre Enchanter on Apr 23, 2018.
             Slain by a giant cockroach (2 damage)
             ... on level 1 of the Dungeon.
             The game lasted 00:01:21 (247 turns).

dstrtnsr the Vexing (Ogre Enchanter)                 Turns: 247, Time: 00:01:22

Health: -1/16      AC:  3    Str: 11    XL:     1   Next: 40%
Magic:  3/4        EV: 10    Int: 16    God:
Gold:   20         SH:  0    Dex:  9    Spells: 4/5 levels left

rFire    . . .     SeeInvis .   a - +1 dagger
rCold    . . .     Gourm    .   (no shield)
rNeg     . . .     Faith    .   b - +0 robe
rPois    .         Spirit   .   (helmet restricted)
rElec    .         Reflect  .   (no cloak)
rCorr    +         Harm     .   (gloves unavailable)
MR       .....                  (boots unavailable)
Stlth    ++........             (no amulet)
HPRegen  0.05/turn              e - ring of resist corrosion
MPRegen  0.09/turn              (no ring)

@: no status effects
A: large, unfitting armour, tough skin 1
a: no special abilities


You were on level 1 of the Dungeon.
You were not hungry.

You visited 1 branch of the dungeon, and saw 1 of its levels.

You collected 20 gold pieces.

Inventory:

Hand Weapons
 a - a +1 dagger (weapon)
Armour
 b - a +0 robe (worn)
Jewellery
 e - a ring of resist corrosion (left hand)
Scrolls
 f - 2 scrolls of identify {unknown}
 i - a scroll of teleportation {unknown}
Potions
 c - a potion of berserk rage {unknown}
 g - a potion of might {unknown}
 h - a potion of degeneration {unknown}
Comestibles
 d - a ration {!d}


   Skills:
 + Level 0.3 Fighting
 - Level 1.0 Short Blades
 + Level 1.8 Dodging
 - Level 2.1 Stealth
 + Level 2.5 Spellcasting
 - Level 2.6 Hexes


You had 4 spell levels left.
You knew the following spells:

 Your Spells              Type           Power        Failure   Level  Hunger
a - Corona                Hex            ##.....      7%          1    #......


Dungeon Overview and Level Annotations

Branches:
Dungeon (1/15)

Altars:


Innate Abilities, Weirdness & Mutations

You are too large for most types of armour.
You have tough skin. (AC +1)


Message History

Found 8 gold pieces.
Found a ring mail.
You see here 8 gold pieces.
You now have 20 gold pieces (gained 8).
You open the door.
There is an open door here.
Found a scroll labeled BUUP TUMMAOZA.
A kobold comes into view. It is wielding a short sword.
You see here a scroll labeled BUUP TUMMAOZA.
Unknown command.
i - a scroll labeled BUUP TUMMAOZA The kobold shouts!
The kobold throws a stone.
The stone hits you but does no damage.
A giant cockroach comes into view.
You see here a stone.
Casting: Corona (safe; 7% risk of failure)
Confirm with . or Enter, or press ? or * to list all spells.
Aiming: Corona (safe; 7% risk of failure)
Press: ? - help, Shift-Dir - straight line, f - kobold
Aim: a kobold, wielding a short sword (chance to defeat MR: 63%)
The kobold struggles to resist.
The kobold throws a stone.
The stone hits you.
A rat comes into view.
Damage: -12%(-2hp) hp: 88%(14hp)
Casting: Corona (safe; 7% risk of failure)
Confirm with . or Enter, or press ? or * to list all spells.
Aiming: Corona (safe; 7% risk of failure)
Press: ? - help, Shift-Dir - straight line, f/p - kobold
Aim: a kobold, wielding a short sword (chance to defeat MR: 63%)
The kobold is outlined in light.
The kobold throws a stone.
The stone closely misses you. The kobold barely misses you.
You hit the kobold.
The kobold is moderately wounded.
The kobold barely misses you.
You barely miss the kobold.
The kobold is moderately wounded.
The kobold barely misses you.
You hit the kobold.
The kobold is severely wounded.
The giant cockroach bites you. The giant cockroach closely misses you.
The kobold hits you with a short sword.
* * * LOW HITPOINT WARNING * * *
Huge Dmg: -44%(-7hp) hp: 44%(7hp)
You hit the kobold but do no damage.
The kobold is severely wounded.
The giant cockroach bites you but does no damage.
Unknown command.
You hit the kobold but do no damage.
The kobold is severely wounded.
The kobold hits you with a short sword.
* * * LOW HITPOINT WARNING * * *
The giant cockroach barely misses you. The rat closely misses you.
Huge Dmg: -19%(-3hp) hp: 25%(4hp)
The rat bites you.
* * * LOW HITPOINT WARNING * * *
You see here 2 stones.
Huge Dmg: -6%(-1hp) hp: 19%(3hp)
The kobold stops glowing.
The kobold throws a stone.
The stone misses you.
Unknown command.
Unknown command.
The giant cockroach barely misses you. The giant cockroach closely misses you.
There is an open door here.
The giant cockroach closely misses you. The giant cockroach closely misses you.
The giant cockroach barely misses you.
The giant cockroach bites you but does no damage.
The giant cockroach barely misses you.
The giant cockroach bites you but does no damage.
The giant cockroach bites you.
* * * LOW HITPOINT WARNING * * *
Damage: -7%(-1hp) hp: 25%(4hp)
Found 11 gold pieces.
The giant cockroach bites you.
* * * LOW HITPOINT WARNING * * *
Huge Dmg: -6%(-1hp) hp: 19%(3hp)
Casting: Corona (safe; 7% risk of failure)
Confirm with . or Enter, or press ? or * to list all spells.
Aiming: Corona (safe; 7% risk of failure)
Press: ? - help, Shift-Dir - straight line, f - giant cockroach
Aim: a giant cockroach (clinging, chance to defeat MR: 63%)
The giant cockroach is outlined in light.
The giant cockroach bites you but does no damage.
Unknown command.
You hit the giant cockroach but do no damage.
The giant cockroach bites you.
* * * LOW HITPOINT WARNING * * *
Huge Dmg: -12%(-2hp) hp: 7%(1hp)
You hit the giant cockroach but do no damage.
The giant cockroach barely misses you.
Unknown command.
You hit the giant cockroach but do no damage.
The giant cockroach bites you but does no damage.
Unknown command.
You closely miss the giant cockroach. The giant cockroach closely misses you.
The giant cockroach barely misses you.
Unknown command.
You hit the giant cockroach but do no damage.
The giant cockroach bites you.
You die...

..$. ... .. #.# #.. .
######.########....
........Krs@.......
######.######.....
#.......# ...
#...r...# .
######.......# #..
##...######..## #.#
##.....## ##K## #.#
##..#....#####..# #.#
#
#..#.#...K.r..#.###.##
#[.#


You could see a giant cockroach, a kobold and a rat.

Vanquished Creatures
  A ball python (D:1)
  2 rats (D:1)
3 creatures vanquished.

Notes
Turn   | Place    | Note
-------+----------+-------------------------------------------
     0 | D:1      | dstrtnsr the Ogre Enchanter began the quest for the Orb.
     0 | D:1      | Reached XP level 1. HP: 16/16 MP: 3/3
   135 | D:1      | Reached skill level 1 in Short Blades
   189 | D:1      | HP: 4/16 [kobold/short sword (3)]
   235 | D:1      | HP: 4/16 [giant cockroach (1)]
   241 | D:1      | HP: 3/16 [giant cockroach (2)]
   243 | D:1      | HP: 1/16 [giant cockroach (2)]
   247 | D:1      | Slain by a giant cockroach

Vault maps used:
D:1:      scummos_arrival_star

Skill      XL: |  1 |
---------------+----+-----
Short Blades   | 1 |  1.0
Fighting       | |  0.3
Dodging        | |  1.8
Stealth        | |  2.1
Spellcasting   | |  2.5
Hexes          | |  2.6

Action                   || total
-------------------------++-------
Melee: Dagger            ||    16
 Cast: Corona            ||     5
 Stab: Sleeping          ||     1
Armor: Robe              ||     6
Dodge: Dodged            ||    19

Table legend:
 A = Spawn XP
 B = Non-spawn XP
 C = Spawn XP percentage of total XP
 D = Spawn monster count
 E = Non-spawn monster count
 F = Spawn count percentage of total count
 G = Total turns spent on level
                    A         B        C        D         E        F      G
               +---------+---------+-------+---------+---------+-------+---------
         Total |       0 |       4 |   0.0 |       0 |       3 |   0.0 |   247
               +---------+---------+-------+---------+---------+-------+---------
           D:1 |       0 |       4 |   0.0 |       0 |       3 |   0.0 |   247
               +---------+---------+-------+---------+---------+-------+---------
